 Dungeon Crawl Stone Soup version 0.30-a0-738-g116ff8c4af (webtiles) character file.

Game seed: 12417466873080249298

2105 KristoblXynda the Carver (level 9, -6/78 HPs)
             Began as a Black Draconian Gladiator on Feb 3, 2023.
             Was an Initiate of Gozag.
             Killed from afar by Dowan (21 damage)
             ... with a shard of ice
             ... on level 6 of the Dungeon.
             The game lasted 00:09:09 (5769 turns).

KristoblXynda the Carver (DrGl)                     Turns: 5769, Time: 00:09:09

Health: -6/78      AC: 12    Str: 16    XL:     9   Next: 7%
Magic:  9/9        EV: 16    Int: 11    God:    Gozag
Gold:   299        SH:  0    Dex: 21    Spells: 1/8 levels left

rFire   . . .      SeeInvis .    a - +0 long sword
rCold   . . .      Faith    .    (no shield)
rNeg    . . .      Spirit   .    (body armour unavailable)
rPois   .          Reflect  .    b - +0 hat
rElec   +          Harm     .    C - +0 cloak {rCorr}
rCorr   +          Rampage  .    q - +1 pair of gloves
Will    .....                    B - +1 pair of boots
Stlth   ++                       (no amulet)
HPRegen 0.33/turn                z - +6 ring of dexterity
MPRegen 0.11/turn                (no ring)

@: gold aura
A: breathe lightning, AC +7, unfitting armour, electricity resistance,
cold-blooded
a: Breathe Lightning, Renounce Religion, Potion Petition, Call Merchant, Bribe
Branch


You were on level 6 of the Dungeon.
You worshipped Gozag.
Gozag was aware of your devotion.
You visited 2 branches of the dungeon, and saw 7 of its levels.

You collected 358 gold pieces.
You paid 59 gold pieces to Gozag.

Inventory:

Hand Weapons
 a - a +0 long sword (weapon)
Missiles
 c - 3 throwing nets (quivered)
 d - 5 javelins
Armour
 b - a +0 hat (worn)
 q - a +1 pair of gloves (worn)
 B - a +1 pair of boots (worn)
 C - a +0 cloak of preservation (worn)
Jewellery
 z - a +6 ring of dexterity (left hand)
Wands
 x - a wand of roots (2)
 A - a wand of digging (6)
Scrolls
 e - a scroll of enchant weapon
 f - a scroll of butterflies {unknown}
 h - a scroll of fog {unknown}
 i - 2 scrolls of teleportation
 j - a scroll of poison {unknown}
 r - a scroll of silence {unknown}
 s - a scroll of brand weapon {unknown}
 t - 3 scrolls of immolation
 u - a scroll of torment {unknown}
 v - a scroll of vulnerability {unknown}
 y - a scroll of enchant armour {unknown}
 D - a scroll of acquirement {unknown}
Potions
 g - 4 potions of curing
 k - 2 potions of degeneration {unknown}
 l - 3 potions of invisibility
 m - 2 potions of heal wounds
 n - 2 potions of magic {unknown}
 o - 4 potions of flight
 p - a potion of lignification
 w - 2 potions of resistance


   Skills:
 + Level 6.8 Fighting
 * Level 8.9 Long Blades
 - Level 2.0 Throwing
 + Level 6.1 Dodging


You had one spell level left.
You knew the following spells:

 Your Spells              Type           Power      Damage    Failure   Level
a - Wereblood             Tmut           0%         N/A       47%         2
b - Lee's Rapid Deconstr  Erth           0%         3d4*      100%        5

Your spell library contained the following spells:

 Spells                   Type           Power      Damage    Failure   Level
 Necrotise                Necr           0%         1d4       34%         1
 Sublimation of Blood     Necr           0%         N/A       47%         2
 Kindle Blastsparks       Fire/Tloc/Air  0%         2d10      71%         3
 Vampiric Draining        Necr           0%         2d6       71%         3
 Fulminant Prism          Conj/Hex       0%         3d5       98%         4
 Iskenderun's Mystic Bla  Conj/Tloc      0%         2d3       98%         4
 Agony                    Necr           0%         N/A       100%        5
 Summon Hydra             Summ           0%         N/A       100%        7


Dungeon Overview and Level Annotations

Branches:
Dungeon (6/15)             Temple (1/1) D:5

Altars:
Ashenzari
Cheibriados
Dithmenos
Elyvilon
Fedhas
Gozag
Hepliaklqana
Kikubaaqudgha
Makhleb
Nemelex Xobeh
Okawaru
Qazlal
Ru
Sif Muna
Vehumet
Wu Jian
Xom
Yredelemnul
Zin
The Shining One

Annotations:
D:6 Dowan


Innate Abilities, Weirdness & Mutations

You can breathe wild blasts of lightning.
Your glossy black scales are hard. (AC +7)
You cannot fit into any form of body armour.
You are resistant to electric shocks. (rElec)
You are cold-blooded and may be slowed by cold attacks.


Message History

Dowan misses you.
You barely miss Dowan.
Dowan is severely wounded.
Dowan hits you with a +0 dagger.
* * * LOW HITPOINT WARNING * * *
Dowan hits you with a +0 dagger.
* * * LOW HITPOINT WARNING * * *
You hit Dowan but do no damage.
Dowan is severely wounded.
Dowan misses you.
You hit Dowan but do no damage. You tail-slap Dowan.
Dowan is severely wounded.
Dowan mumbles some strange words.
Dowan blinks!
Dowan says, "Her death will not be in vain!"
You now have 299 gold pieces (gained 7).
Things that are here:
a +0 short sword; a +0 scale mail Dowan hits you but does no damage.
You barely miss Dowan.
Dowan is severely wounded.
Dowan closely misses you.
Dowan points at you and mumbles some strange words.
The shard of ice hits you!
* * * LOW HITPOINT WARNING * * *
You closely miss Dowan.
Dowan is severely wounded.
Dowan barely misses you.
You feel better. Dowan hits you with a +0 dagger.
* * * LOW HITPOINT WARNING * * *
Dowan hits you but does no damage.
You hit Dowan.
Dowan is severely wounded.
Dowan closely misses you.
You miss Dowan.
Your tail-slap misses Dowan.
Dowan is severely wounded.
Dowan casts a spell at you. The shard of ice hits you!!
You die...
Your body crumbles into a pile of gold.

#.# #.# ## #.# #.# .##
#.## #[#
..###..#########.#
...............#.#
...######........#
.#...# #####....#
.#...## ####e# ..#...#
# #@# #.#.#)..# #)#
#.#.###.### #.##
#...###...# #..#
###.(.....##..........#
###.................#
#####...##............#
................#######
####....#.......


You could see Dowan (fast).

Vanquished Creatures
  Maggie (D:6)
  Grinder (D:5)
  Sigmund (D:3)
  Eustachio (D:4)
  Duvessa (D:6)
  A water moccasin (D:5)
  A black bear (D:5)
  An ogre (D:5)
  A centaur (D:5)
  A phantom (D:6)
  3 scorpions
  A howler monkey (D:3)
  2 hounds
  4 jellies
  An orc priest (D:3)
  A gnoll bouda (D:3)
  An iguana (D:3)
  2 orc wizards
  5 gnolls
  7 adders
  5 ufetubi
  2 worms
  4 dart slugs
  17 orcs
  5 ball pythons
  9 endoplasms
  4 giant cockroaches
  11 goblins
  3 hobgoblins
  17 jackals
  5 quokkas
  8 bats
  3 frilled lizards
  5 kobolds
  4 rats
139 creatures vanquished.

Notes
Turn   | Place    | Note
-------+----------+-------------------------------------------
     0 | D:1      | KristoblXynda the Draconian Gladiator began the quest for
                  | the Orb.
     0 | D:1      | Reached XP level 1. HP: 17/17 MP: 1/1
    64 | D:1      | Reached XP level 2. HP: 25/25 MP: 2/2
   469 | D:1      | Reached XP level 3. HP: 26/30 MP: 3/3
  1151 | D:2      | Identified the +12 trident "Bacigo" {protect, rElec rF+}
  1304 | D:2      | Reached XP level 4. HP: 32/38 MP: 4/4
  1367 | D:2      | Reached skill level 4 in Long Blades
  1512 | D:2      | You fall into a shaft and drop 1 floor!
  1939 | D:3      | Found a faded altar of an unknown god.
  2326 | D:3      | Noticed Sigmund
  2339 | D:3      | Reached XP level 5. HP: 30/45 MP: 5/5
  2358 | D:3      | Killed Sigmund
  2359 | D:3      | Reached skill level 5 in Long Blades
  2359 | D:3      | Reached XP level 6. HP: 22/52 MP: 6/6
  3567 | D:3      | Your scales start taking on a glossy black colour.
  3567 | D:3      | Reached XP level 7. HP: 13/60 MP: 7/7
  3567 | D:3      | Gained mutation: You are resistant to electric shocks.
                  | (rElec) [Black Draconian growth]
  3735 | D:4      | Reached skill level 6 in Long Blades
  3831 | D:4      | Noticed Eustachio
  3861 | D:4      | Killed Eustachio
  3862 | D:4      | Reached skill level 5 in Fighting
  4280 | D:5      | Entered Level 5 of the Dungeon
  4281 | D:5      | Noticed Grinder
  4284 | D:5      | Paralysed by Grinder for 5 turns
  4294 | D:5      | Killed Grinder
  4295 | D:5      | Reached skill level 7 in Long Blades
  4295 | D:5      | Reached skill level 5 in Dodging
  4295 | D:5      | Reached XP level 8. HP: 53/69 MP: 8/8
  4386 | D:5      | Learned a level 2 spell: Wereblood
  4718 | D:5      | Found a shimmering altar of Xom.
  4718 | D:5      | Found a shimmering altar of Xom.
  5154 | D:5      | Found a staircase to the Ecumenical Temple.
  5196 | Temple   | Entered the Ecumenical Temple
  5249 | Temple   | Became a worshipper of Gozag Ym Sagoz the Greedy
  5300 | D:6      | Noticed Maggie
  5324 | D:6      | Killed Maggie
  5325 | D:6      | Reached skill level 8 in Long Blades
  5637 | D:6      | Reached XP level 9. HP: 77/78 MP: 9/9
  5693 | D:6      | Learned a level 5 spell: Lee's Rapid Deconstruction
  5720 | D:6      | Noticed Dowan
  5722 | D:6      | Noticed Duvessa
  5758 | D:6      | Killed Duvessa
  5769 | D:6      | Killed from afar by Dowan

Illustrated notes

Levels and vault maps discovered:
D:1:      psy_arrival_whirlpool, layout_basic
D:2:      layout_basic
D:3:      layout_basic, shapermc_ecumenical_altar_acropolis, uniq_sigmund
D:4:      layout_cave_pools, uniq_eustachio
D:5:      layout_basic, xom_redecorated, minmay_temple_entry_poolview,
          minmay_misc_feat_tower, uniq_grinder
D:6:      layout_rooms, serial_shops, nicolae_diamond_shop, uniq_maggie,
          uniq_duvessa
Temple:   hellmonk_temple_of_storms

Skill      XL: |  1  2  3  4  5  6  7  8 |
---------------+-------------------------+-----
Throwing       | 2 |  2.0
Dodging        | 3 4 5 6 |  6.1
Fighting       | 3 4 5 6 |  6.8
Long Blades    | 4 5 7 8 |  8.9

Action                     |  1- 3 |  4- 6 |  7- 9 || total
---------------------------+-------+-------+-------++-------
  Melee: Long sword        |    84 |   227 |   212 ||   523
         Tailslap          |    11 |    24 |    28 ||    63
         Punch             |     1 |       |     7 ||     8
  Evoke: Wand              |       |     3 |       ||     3
    Use: Potion            |       |     4 |     3 ||     7
         Scroll            |       |     6 |     4 ||    10
   Stab: Sleeping          |     2 |     2 |       ||     4
 Armour: Skin              |    27 |   173 |    78 ||   278
  Dodge: Dodged            |    59 |   255 |   219 ||   533

Table legend: (Time is in decaauts)
 A = Elapsed time spent in this place.
 B = Non-inter-level travel time spent in this place.
 C = Inter-level travel time spent in this place.
 D = Time resting spent in this place.
 E = Time spent auto-exploring this place.
 F = Levels seen in this place.
 G = Mean time per level.
                   A        B        C        D        E       F      G
               +--------+--------+--------+--------+--------+-----+--------+
         Total |   5863 |   5700 |    163 |   1340 |   3183 |   7 |  837.6 |
       Dungeon |   5791 |   5664 |    127 |   1340 |   3165 |   6 |  965.2 |
        Temple |     71 |     35 |     36 |      0 |     18 |   1 |   71.0 |
               +--------+--------+--------+--------+--------+-----+--------+

Top non-repeatable levels by time:
     D:3: 1667 daAuts
     D:1: 1143 daAuts
     D:5: 950 daAuts
     D:4: 816 daAuts
     D:2: 748 daAuts
     D:6: 466 daAuts
  Temple: 71 daAuts
